AoeStats
← JRCLD

Nomad

509728182Analyzed
3v3 RM · 5d ago on Sep 27, 2026· 56m 4s· 6 players
Game mode
Random Map
Map size
210×210
Population
200
Speed
Normal
Resources
Standard
Victory
Conquest
Starting age
Dark Age
Ending age
Imperial Age
RankedLock teamsTeams togetherTeam positionsShared explorationLock speedFull tech treeHidden civsTurbo modeCheats
Victory
Defeat
🇦🇷 Vietnamese · Argentina
1046
+16
🇺🇸 Persians · United States
1035
+16
🇨🇳 Khmer · China
995
+18
🇩🇪 Japanese · Germany
1094
-20
🇧🇪 Vietnamese · Belgium
1009
-15
🇩🇪 Persians · Germany
1009
-15
killinserotonin
12:18 Loom
14:04 Feudal Age
15:44 Double-Bit Axe
16:55 Horse Collar
23:31 Castle Age
22:53 Scale Barding Armor
23:10 Gold Mining
25:32 Bow Saw
25:58 Bloodlines
25:48 Husbandry
26:50 Stone Mining
27:53 Wheelbarrow
27:05 Town Watch
28:02 Forging
31:52 Chain Barding Armor
31:22 Fletching
32:05 Heavy Plow
32:23 Hand Cart
32:29 Fishing Lines
38:49 Imperial Age
38:05 Bodkin Arrow
38:11 Padded Archer Armor
38:14 Kamandaran
37:54 Elite Skirmisher
39:35 Conscription
38:55 Crossbowman
39:52 Leather Archer Armor
40:00 Cavalier
41:17 Plate Barding Armor
41:21 Ring Archer Armor
42:36 Chemistry
41:56 Ballistics
44:46 Thumb Ring
48:10 Iron Casting
48:45 Gold Shaft Mining
50:24 Murder Holes
50:01 Savar
苏坊
15:23 Feudal Age
20:20 Castle Age
21:24 Horse Collar
21:33 Double-Bit Axe
23:13 Loom
34:59 Ballistics
34:48 Scale Barding Armor
34:37 Gold Mining
34:50 Heavy Plow
35:04 Bow Saw
38:53 Gold Shaft Mining
38:08 Stone Mining
39:55 Tusk Swords
41:36 Wheelbarrow
41:51 Chain Barding Armor
46:51 Imperial Age
44:37 Hand Cart
46:03 Murder Holes
46:57 Elite Ballista Elephant
47:39 Double Crossbow
49:58 Conscription
Cheblin
8:16 Loom
14:29 Feudal Age
18:06 Double-Bit Axe
21:53 Castle Age
19:47 Gold Mining
19:43 Fishing Lines
19:56 Horse Collar
22:44 Medium Warships
23:49 Bow Saw
24:38 Wheelbarrow
23:48 Town Watch
25:46 Clinker Construction
25:50 Careening
26:05 Fletching
27:39 Heavy Plow
28:59 Stone Mining
30:53 Town Patrol
31:09 Hand Cart
32:38 Bodkin Arrow
33:07 Ballistics
35:08 Padded Archer Armor
36:29 Thumb Ring
35:44 Crossbowman
36:42 Leather Archer Armor
39:01 Imperial Age
37:28 Stone Shaft Mining
38:22 Gillnets
39:30 Coinage
40:31 Paper Money
41:20 Chemistry
40:29 Siege Engineers
41:04 Arbalester
41:45 Bracer
42:39 Ring Archer Armor
49:06 Bloodlines
48:56 Husbandry
49:04 Scale Barding Armor
49:10 Forging
50:54 Chain Barding Armor
50:51 Light Cavalry
52:56 Plate Barding Armor
52:57 Iron Casting
Flörider
6:04 Loom
13:09 Feudal Age
14:09 Double-Bit Axe
20:40 Castle Age
20:38 Bloodlines
20:47 Scale Barding Armor
22:48 Bow Saw
22:58 Pikeman
25:09 Fletching
27:07 Scale Mail Armor
28:49 Wheelbarrow
31:38 Chain Mail Armor
33:30 Arson
35:16 Forging
40:36 Imperial Age
40:14 Horse Collar
41:50 Conscription
42:04 Plate Mail Armor
41:07 Capped Ram
43:23 Bodkin Arrow
44:09 Bracer
44:05 Elite Skirmisher
46:24 Chemistry
45:01 Imperial Skirmisher
45:49 Padded Archer Armor
46:14 Halberdier
48:11 Thumb Ring
49:37 Elite Samurai
52:31 Leather Archer Armor
Oracio
4:58 Loom
14:48 Feudal Age
16:07 Double-Bit Axe
17:01 Wheelbarrow
17:17 Town Watch
18:17 Fletching
22:09 Castle Age
19:57 Horse Collar
21:18 Gold Mining
24:07 Bodkin Arrow
25:13 Squires
25:29 Bow Saw
26:16 Squires
27:28 Heavy Plow
27:11 Pikeman
28:25 Stone Mining
29:26 Padded Archer Armor
29:29 Scale Mail Armor
31:44 Forging
33:34 Hand Cart
34:34 Treadmill Crane
35:15 Ballistics
39:42 Masonry
40:03 Arson
41:34 Murder Holes
45:06 Fishing Lines
48:12 Imperial Age
45:45 Town Patrol
45:49 Padded Archer Armor
46:05 Chain Mail Armor
47:49 Stone Shaft Mining
50:01 Chemistry
49:07 Siege Engineers
48:39 Halberdier
52:17 Plate Mail Armor
52:23 Iron Casting
52:05 Leather Archer Armor
53:39 Hoardings
JRCLD
14:15 Feudal Age
15:30 Double-Bit Axe
15:27 Fishing Lines
15:37 Man-at-Arms
17:15 Town Watch
18:06 Wheelbarrow
24:34 Castle Age
26:23 Bow Saw
27:01 Husbandry
31:04 Gillnets
31:20 Horse Collar
32:57 Bloodlines
35:30 Hand Cart
36:10 Gold Mining
39:58 Medium Warships
44:21 Kamandaran
48:41 Heavy Plow
Connection lost

Rejoining the realm…

Still unreachable

The connection could not be restored.

Session expired

The server has moved on; the page needs a fresh start.